 Dungeon Crawl Stone Soup version 0.23.2-1-ga50397a (webtiles) character file.

Game seed: 7931716260298594317

84 Fang the Skirmisher (level 4, -1/29 HPs)
             Began as a Gargoyle Berserker on Apr 25, 2019.
             Was a Believer of Trog.
             Slain by an orc wizard
             ... wielding a +0 dagger
              (2 damage)
             ... on level 3 of the Dungeon.
             The game lasted 00:01:51 (1667 turns).

Fang the Skirmisher (Gargoyle Berserker)            Turns: 1667, Time: 00:01:52

Health: -1/29      AC:  5    Str: 21    XL:     4   Next: 45%
Magic:  4/4        EV: 12    Int:  8    God:    Trog [**....]
Gold:   154        SH:  0    Dex:  9    Spells: 3/3 levels left

rFire    . . .     SeeInvis .   a - +0 hand axe
rCold    . . .     Gourm    .   (no shield)
rNeg     + . .     Faith    .   b - +0 animal skin
rPois    ∞         Spirit   .   (no helmet)
rElec    +         Reflect  .   (no cloak)
rCorr    .         Harm     .   (no gloves)
MR       .....                  (no boots)
Stlth    +.........             (no amulet)
HPRegen  0.09/turn              (no ring)
MPRegen  0.09/turn              (no ring)

@: no status effects
A: negative energy resistance 1, electricity resistance, unbreathing,
petrification resistance, rot immunity, AC +3
a: Berserk, Trog's Hand, Renounce Religion


You were on level 3 of the Dungeon.
You worshipped Trog.
Trog was pleased with you.
You were not hungry.

You visited 1 branch of the dungeon, and saw 3 of its levels.

You collected 154 gold pieces.

Inventory:

Hand Weapons
 a - a +0 hand axe (weapon)
Armour
 b - a +0 animal skin (worn)
Scrolls
 f - a scroll of immolation {unknown}
 k - a scroll of magic mapping {unknown}
 l - a scroll of amnesia {unknown}
 n - a scroll of enchant armour {unknown}
 o - 2 scrolls of teleportation {unknown}
 p - a scroll of remove curse {unknown}
Potions
 d - a potion of curing {unknown}
 e - a potion of agility {unknown}
 h - 2 potions of heal wounds {unknown}
 i - a potion of flight {unknown}
 j - a potion of invisibility {unknown}
 m - 2 potions of might {unknown}
Comestibles
 c - 3 rations
 g - 5 chunks of flesh


   Skills:
 + Level 4.0 Fighting
 + Level 3.2 Axes
 + Level 3.0 Armour
 + Level 2.3 Dodging


You had 3 spell levels left.
You didn't know any spells.
Your spell library was empty.

Dungeon Overview and Level Annotations

Branches:
Dungeon (3/15)

Altars:


Innate Abilities, Weirdness & Mutations

You are resistant to torment.
Your stone body is resilient. (AC +3)
You are immune to poison.
You resist negative energy. (rN+)
You are resistant to electric shocks. (rElec)
You can survive without breathing.
You are immune to petrification.
You are immune to rotting.


Message History

Trog accepts your kill.
You hit the orc. You barely miss the orc. You barely miss something.
The orc wizard hits you but does no damage.
The orc hits you with a +0 club. The orc hits you but does no damage.
The leopard gecko bites you but does no damage.
You hear some strange, mumbled words.
A magic dart appears from out of thin air!
The magic dart hits you.
* * * LOW HITPOINT WARNING * * *
The orc wizard hits you with a +0 dagger.
* * * LOW HITPOINT WARNING * * *
A frilled lizard comes into view.
You barely miss the orc wizard.
The orc wizard is severely wounded.
You hit something but do no damage. You hit the orc. You closely miss the orc.
You hit the leopard gecko. The orc hits you with a +0 club.
* * * LOW HITPOINT WARNING * * *
The orc hits you but does no damage. The orc wizard closely misses you.
The leopard gecko closely misses you. Something hits you.
You die...

### ...
... #l.
#####.
#.##....#.
#..!....#.
#ol#....#
#@o#....#
#{o.#
#..##.#
#.....#
#.#####
#.# #.###
#.#.##
#...<#


You could see an orc wizard, 2 orcs, a leopard gecko and a frilled lizard.

Vanquished Creatures
  An adder (D:2)
  An ooze (D:1)
  2 worms (D:2)
  A dart slug (D:1)
  A leopard gecko (D:1)
  An orc (D:3)
  9 goblins
  10 hobgoblins
  10 kobolds
  A quokka (D:2)
  8 bats
  5 frilled lizards
  8 rats
58 creatures vanquished.

Notes
Turn   | Place    | Note
-------+----------+-------------------------------------------
     0 | D:1      | Fang the Gargoyle Berserker began the quest for the Orb.
     0 | D:1      | Reached XP level 1. HP: 14/14 MP: 1/1
    59 | D:1      | Reached XP level 2. HP: 14/19 MP: 2/2
   432 | D:1      | Reached XP level 3. HP: 15/23 MP: 3/3
   509 | D:1      | Reached ** piety under Trog
   935 | D:2      | Reached XP level 4. HP: 14/29 MP: 4/4
  1266 | D:2      | Reached skill level 4 in Fighting
  1667 | D:3      | HP: 1/29 [orc/+0 club (4)]
  1667 | D:3      | Slain by an orc wizard

Skill      XL: |  1  2  3  4 |
---------------+-------------+-----
Axes           | 3 |  3.2
Dodging        | 2 |  2.3
Armour         | 3 |  3.0
Fighting       | 4 |  4.0

Action                   |  1- 3 |  4- 6 || total
-------------------------+-------+-------++-------
Melee: Hand axe          |    86 |    82 ||   168
Invok: Berserk           |     2 |       ||     2
  Eat: Chunk             |     1 |     3 ||     4
Armor: Animal skin       |    31 |    40 ||    71
Dodge: Dodged            |    81 |    72 ||   153
